 Dungeon Crawl Stone Soup version 0.24-a0-500-g46574c2 (webtiles) character file.

Game seed: 18304316495913402059

665 pkoi the Slasher (level 7, -4/60 HPs)
             Began as a Minotaur Gladiator on July 14, 2019.
             Was an Initiate of the Shining One.
             Slain by an ogre
             ... wielding a +0 giant spiked club
              (25 damage)
             ... on level 5 of the Dungeon.
             The game lasted 00:06:10 (4634 turns).

pkoi the Slasher (Minotaur Gladiator)               Turns: 4634, Time: 00:06:11

Health: -4/60      AC: 11    Str: 20    XL:     7   Next: 31%
Magic:  7/7        EV:  7    Int:  5    God:    the Shining One [......]
Gold:   187        SH:  0    Dex: 12    Spells: 6/6 levels left

rFire    . . .     SeeInvis .   w - +2 dagger (venom)
rCold    . . .     Gourm    .   (no shield)
rNeg     . . .     Faith    .   p - +0 plate armour (curse)
rPois    .         Spirit   .   c - +0 hat
rElec    .         Reflect  .   (no cloak)
rCorr    .         Harm     .   (no gloves)
MR       .....                  (no boots)
Stlth    ..........             (no amulet)
HPRegen  0.20/turn              (no ring)
MPRegen  0.10/turn              (no ring)

@: glowing
A: retaliatory headbutt, horns 2
a: Renounce Religion


You were on level 5 of the Dungeon.
You worshipped the Shining One.
The Shining One was noncommittal.
You were not hungry.

You visited 2 branches of the dungeon, and saw 6 of its levels.

You collected 187 gold pieces.

Inventory:

Hand Weapons
 a - a +0 long sword
 w - a +2 dagger of venom (weapon)
Missiles
 d - 3 throwing nets (quivered)
 y - 2 boomerangs of dispersal
Armour
 b - a +0 leather armour
 c - a +0 hat (worn)
 p - a cursed +0 plate armour (worn)
Jewellery
 g - a +4 ring of dexterity {unknown}
 x - a +2 ring of dexterity {unknown}
Wands
 s - a wand of acid (7)
Scrolls
 h - 5 scrolls of identify {unknown}
 k - 3 scrolls of teleportation {unknown}
 l - 2 scrolls of remove curse {unknown}
 m - 4 scrolls of blinking {unknown}
 o - a scroll of fog {unknown}
 q - a scroll of magic mapping {unknown}
 t - 2 scrolls of random uselessness {unknown}
 u - a scroll of enchant armour {unknown}
Potions
 e - a potion of agility {unknown}
 i - a potion of mutation {unknown}
 j - a potion of might {unknown}
 n - a potion of brilliance {unknown}
 r - a potion of heal wounds {unknown}
 v - 2 potions of degeneration {unknown}
Comestibles
 f - 8 rations


   Skills:
 + Level 4.8 Fighting
 + Level 6.6 Long Blades
 - Level 3.5 Throwing
 + Level 3.9 Armour
 + Level 3.3 Dodging
 + Level 2.5 Invocations
 + Level 0.0 Evocations


You had 6 spell levels left.
You didn't know any spells.
Your spell library contained the following spells:

 Spells                   Type           Power        Failure   Level  Hunger
 Animate Skeleton         Necr           N/A          100%        1    ##.....
 Apportation              Tloc           #.....       100%        1    ##.....
 Confusing Touch          Hex            #.....       100%        1    ##.....
 Corona                   Hex            #......      100%        1    ##.....
 Summon Small Mammal      Summ           #...         100%        1    ##.....


Dungeon Overview and Level Annotations

Branches:
Dungeon (5/15)             Temple (1/1) D:4

Altars:
Ashenzari
Cheibriados
Dithmenos
Fedhas
Gozag
Kikubaaqudgha
Makhleb
Nemelex Xobeh
Qazlal
Ru
Sif Muna
Trog
Uskayaw
Vehumet
Wu Jian
Xom
Yredelemnul
Zin
The Shining One

Shops:
D:4 [


Innate Abilities, Weirdness & Mutations

You reflexively headbutt those who attack you in melee.
You have a pair of horns on your head.


Message History

You are too injured to fight recklessly!
You are too injured to fight recklessly!
You are too injured to fight recklessly!
You are too injured to fight recklessly!
You are too injured to fight recklessly!
You barely miss the ogre. Your headbutt misses the ogre.
The ogre hits you with a +0 giant spiked club!
* * * LOW HITPOINT WARNING * * *
You hit the ogre.
The ogre is poisoned.
The ogre is lightly wounded.
You hit the ogre.
The ogre looks as sick as possible!
You headbutt the ogre.
The ogre is moderately wounded.
The leopard gecko bites you but does no damage.
The ogre barely misses you. The leopard gecko barely misses you.
You hit the ogre.
The ogre looks as sick as possible!
The ogre is heavily wounded.
The leopard gecko bites you but does no damage.
Unknown command.
The ogre hits you with a +0 giant spiked club!!
You die...

##...........#
#...........#
#.#.......#
#.###....##
#.# ###..# #..
#.## ...####.#
#
........###.#
.......@..$.#
.......Ol...#
....###....##
#### ....##
.....# #......
.......#
........#
#........#


You could see an ogre and a leopard gecko.

Vanquished Creatures
  Menkaure (D:4)
  Edmund (D:4)
  An ogre (D:4)
  A hound (D:4)
  Jessica (D:3)
  2 orc wizards (D:4)
  3 worker ants (D:4)
  Robin (D:2)
  4 adders
  An ooze (D:4)
  4 worms
  2 dart slugs
  A leopard gecko (D:5)
  8 orcs
  9 bats
  6 giant cockroaches
  20 goblins
  12 hobgoblins
  2 jackals (D:3)
  A quokka (D:3)
  7 frilled lizards
  10 kobolds
  8 rats
106 creatures vanquished.

Notes
Turn   | Place    | Note
-------+----------+-------------------------------------------
     0 | D:1      | pkoi the Minotaur Gladiator began the quest for the Orb.
     0 | D:1      | Reached XP level 1. HP: 18/18 MP: 0/0
   175 | D:1      | Reached skill level 4 in Long Blades
   202 | D:1      | Reached XP level 2. HP: 25/25 MP: 1/1
   817 | D:2      | Reached XP level 3. HP: 18/30 MP: 2/2
  1151 | D:2      | Noticed Robin
  1674 | D:2      | Killed Robin
  1674 | D:2      | Reached skill level 5 in Long Blades
  1674 | D:2      | Reached XP level 4. HP: 34/37 MP: 3/3
  1803 | D:2      | Found a stormy altar of Qazlal.
  2002 | D:2      | Found a deep blue altar of Sif Muna.
  2048 | D:2      | Found an opulent altar of Gozag.
  2049 | D:2      | Found a sparkling altar of Nemelex Xobeh.
  2378 | D:3      | Reached skill level 1 in Armour
  2905 | D:3      | Noticed Jessica
  2909 | D:3      | Killed Jessica
  2909 | D:3      | Reached XP level 5. HP: 43/45 MP: 4/4
  2913 | D:3      | Identified Jessica's Compendium of Hexes
  3140 | D:4      | Found a staircase to the Ecumenical Temple.
  3199 | Temple   | Entered the Ecumenical Temple
  3418 | Temple   | Became a worshipper of the Shining One
  3457 | D:4      | Noticed an ogre
  3463 | D:4      | Killed an ogre
  3463 | D:4      | Reached XP level 6. HP: 24/52 MP: 5/5
  3467 | D:4      | Noticed Menkaure
  3470 | D:4      | Killed Menkaure
  3470 | D:4      | Reached skill level 6 in Long Blades
  3470 | D:4      | Reached skill level 1 in Invocations
  3766 | D:4      | Found Onokonn's Armour Emporium.
  3791 | D:4      | Noticed Edmund
  3814 | D:4      | Killed Edmund
  3814 | D:4      | Reached XP level 7. HP: 26/60 MP: 7/7
  4606 | D:5      | Entered Level 5 of the Dungeon
  4634 | D:5      | Slain by an ogre

Levels and vault maps discovered:
D:1:      dpeg_arrival_stone_temple_mockup, layout_loops_corners,
          kennysheep_nondescript
D:2:      layout_rooms, grunt_temple_overflow_opulence,
          nicolae_qazlal_general_emergency, nicolae_overflow_hidden_temple,
          hangedman_decor_slide_cut, kennysheep_pointless_box, uniq_robin
D:3:      layout_loops_ring, kennysheep_jessica_study
D:4:      layout_basic, minmay_temple_entry_glassed_door, serial_shops, shop,
          uniq_edmund, uniq_menkaure
D:5:      layout_layer_cave, overflow_temple_1_default,
          biasface_ghost_orc_armoury, first_ration, uniq_crazy_yiuf_cottage
Temple:   regret_index_temple_generic_petals

Skill      XL: |  1  2  3  4  5  6 |
---------------+-------------------+-----
Long Blades    | 4 5 6 |  6.6
Throwing       | 3 |  3.5
Armour         | 1 2 3 |  3.9
Fighting       | 3 4 |  4.8
Invocations    | 2 |  2.5
Dodging        | |  3.3

Action                   |  1- 3 |  4- 6 |  7- 9 || total
-------------------------+-------+-------+-------++-------
Melee: Long sword        |    65 |   136 |    36 ||   237
       Headbutt          |    10 |    23 |     8 ||    41
       Dagger            |       |       |     6 ||     6
  Eat: Chunk             |     1 |     7 |     4 ||    12
Armor: Leather armour    |    22 |     3 |       ||    25
       Plate armour      |       |    66 |    35 ||   101
Dodge: Dodged            |    63 |    46 |    22 ||   131
       Rpst.: Long sword |    15 |    14 |     5 ||    34

Table legend:
 A = Non-vault XP
 B = Vault XP
 C = Vault XP percentage of total XP
 D = Non-vault monster count
 E = Vault monster count
 F = Vault count percentage of total count
                 A         B        C        D         E       F
            +---------+---------+-------+---------+---------+-------
      Total |     544 |     407 |  42.8 |      89 |      17 |  16.0
            +---------+---------+-------+---------+---------+-------
        D:1 |      44 |      12 |  21.4 |      25 |       6 |  19.4
        D:2 |      59 |      27 |  31.4 |      18 |       7 |  28.0
        D:3 |      59 |      39 |  39.8 |      26 |       2 |   7.1
        D:4 |     379 |     329 |  46.5 |      19 |       2 |   9.5
        D:5 |       3 |       0 |   0.0 |       1 |       0 |   0.0
            +---------+---------+-------+---------+---------+-------
